Map: Blueshift LE

Players

CalebAracous

  • Race: Zerg Zerg
  • League: Grandmaster
  • Spawn Location: 1:00

starkiller - Winner!

  • Race: Zerg Zerg
  • League: Grandmaster
  • Spawn Location: 7:00

Event: Cheeseadelphia 8

VOD

Have the link to the VOD?

Description

Time

  • Played on: Dec. 8, 2018, 4:11 p.m.
  • Length: 6:43

All games in this series

Show
View Real Time Build Order
Export as new Build Order

CalebAracous Zerg 

Build Orders: Hatch First 

Get SALT Encoding   

  12  0:00  Drone  
  13  0:12  Overlord  
  13  0:17  Drone  
  14  0:33  Drone  
  15  0:37  Drone  
  16  0:49  Hatchery  
  15  0:51  Drone  
  16  0:57  Drone  
  17  1:07  Drone  
  17  1:10  Extractor  
  17  1:13  Spawning Pool  
  17  1:17  Drone  
  17  1:28  Drone  
  19  1:40  Drone  
  19  1:51  Drone  
  20  2:00  Queen  
  20  2:01  Queen, Zergling x4  
  26  2:13  Zergling x4  
  28  2:26  Overlord  
  28  2:41  Metabolic Boost  
  28  2:44  Queen  
  30  2:51  Drone x5  
  30  2:57  Overlord  
  35  3:02  Drone  
  36  3:05  Baneling Nest  
  36  3:10  Overlord  
  35  3:13  Drone  
  36  3:20  Hatchery  
  36  3:23  Drone  
  34  3:27  Drone x2  
  34  3:32  Drone x2  
  38  3:37  Zergling x4  
  40  3:45  Drone x3  
  43  3:51  Drone x3  
  46  4:02  Overlord  
  46  4:04  Drone x3  
  49  4:14  Overlord x2  
  49  4:18  Baneling x2  
  49  4:23  Spine Crawler x2  
  49  4:24  Spine Crawler  
  45  4:28  Zergling x4  
  45  4:29  Spine Crawler  
  45  4:30  Zergling x2  
  45  4:31  Zergling x2  
  47  4:33  Zergling x2  
  47  4:36  Zergling x4  
  49  4:39  Zergling x2  
  49  4:40  Zergling x2  
  49  4:42  Zergling x2  
  53  4:45  Zergling x4  
  48  5:02  Zergling x16  
  52  5:07  Zergling x4  
  52  5:09  Queen  
  51  5:15  Zergling x8  
  51  5:19  Zergling x4  
  55  5:27  Zergling x4  
  45  5:30  Zergling x2  
  38  5:39  Zergling x4  
  33  5:44  Zergling x2  
  31  5:50  Zergling x2  
  31  5:51  Zergling x2  
  31  5:57  Zergling x2  
  32  5:58  Zergling x2  
  33  6:07  Zergling x4  
  33  6:15  Zergling x2  
  33  6:16  Zergling x2  
  32  6:19  Zergling x4  
Show
View Real Time Build Order
Export as new Build Order

starkiller Zerg - Winner!

Build Orders: Pool First 

Get SALT Encoding   

  12  0:00  Drone  
  13  0:08  Drone  
  14  0:14  Extractor  
  14  0:15  Drone  
  15  0:22  Overlord  
  15  0:36  Spawning Pool  
  15  0:40  Drone  
  15  0:44  Drone  
  15  0:47  Drone  
  17  1:09  Hatchery  
  16  1:11  Drone  
  16  1:13  Extractor  
  16  1:23  Zergling x4  
  18  1:27  Zergling x2  
  19  1:33  Queen  
  21  1:41  Overlord  
  21  1:48  Drone  
  22  2:05  Drone  
  23  2:09  Drone, Queen  
  26  2:24  Metabolic Boost  
  26  2:26  Drone x2  
  28  2:33  Drone  
  28  2:36  Drone  
  30  2:42  Drone, Roach Warren  
  29  2:48  Queen  
  31  2:53  Drone  
  32  2:58  Overlord  
  32  3:04  Overlord  
  32  3:22  Roach x4  
  32  3:23  Roach  
  44  3:27  Roach  
  44  3:32  Roach  
  46  3:36  Roach  
  46  3:40  Roach  
  50  3:43  Overlord  
  50  3:48  Overlord  
  50  3:57  Overlord  
  50  4:03  Roach x2  
  50  4:04  Zergling x2  
  50  4:06  Roach  
  57  4:15  Roach  
  57  4:17  Zergling x2  
  57  4:18  Zergling x4  
  57  4:21  Zergling x2  
  61  4:25  Zergling x4  
  61  4:30  Zergling x2  
  64  4:37  Zergling x6  
  64  4:38  Zergling x2  
  68  4:41  Zergling x2  
  68  4:43  Zergling x2  
  70  4:46  Zergling x2  
  70  4:57  Zergling x2  
  64  5:05  Zergling x6  
  59  5:10  Roach x2  
  59  5:11  Roach  
  59  5:14  Zergling x2  
  62  5:22  Roach  
  62  5:23  Roach  
  62  5:25  Queen  
  63  5:28  Roach  
  63  5:34  Drone  
  58  5:37  Drone  
  54  5:48  Drone x2  
  56  5:53  Drone, Evolution Chamber  
  56  5:58  Drone x3  
  56  6:01  Extractor  
  58  6:05  Drone x2  
  58  6:09  Extractor  
  56  6:24  Drone x2  
  58  6:29  Drone  
Tags
 
Add a new tag
Caveats
  • Supply blocks, unpowered buildings, or Contaminate may cause inaccurate times.
  • Supply counts are checked every 10 seconds.